 Dungeon Crawl Stone Soup version 0.26-a0-154-g3d63440 (webtiles) character file.

Game seed: 14666491697119432374

867 Firecrotchwizard the Archer (level 7, -2/61 HPs)
             Began as a Centaur Hunter on July 2, 2020.
             Was a Follower of Okawaru.
             Slain by a phantom (4 damage)
             ... on level 5 of the Dungeon.
             The game lasted 00:14:16 (6930 turns).

Firecrotchwizard the Archer (Centaur Hunter)        Turns: 6930, Time: 00:14:17

Health: -2/61      AC:  8    Str: 17    XL:     7   Next: 73%
Magic:  7/7        EV:  7    Int: 10    God:    Okawaru [*.....]
Gold:   154        SH:  0    Dex:  9    Spells: 6/6 levels left

rFire    . . .     SeeInvis .   n - +2 halberd
rCold    . . .     Faith    +   (shield currently unavailable)
rNeg     . . .     Spirit   .   q - +0 scale mail
rPois    .         Reflect  .   w - +1 hat
rElec    .         Harm     .   m - +0 cloak
rCorr    .                      (no gloves)
MR       +....                  (no barding)
Stlth    ..........             x - amulet of faith {Faith, !P}
HPRegen  0.20/turn              o - ring of protection from magic {MR+, !d}
MPRegen  0.10/turn              (no ring)

@: very quick
A: large, hooves 3, deformed body, speed 2, tough skin 3
a: Heroism, Renounce Religion


You were on level 5 of the Dungeon.
You worshipped Okawaru.
Okawaru was aware of your devotion.
You were hungry.

You visited 1 branch of the dungeon, and saw 5 of its levels.

You collected 154 gold pieces.

Inventory:

Hand Weapons
 a - a +1 shortbow
 b - a +0 spear
   (You found it on level 2 of the Dungeon)
 n - a +2 halberd (weapon)
   (You took it off a gnoll on level 2 of the Dungeon)
Missiles
 d - 63 arrows
Armour
 c - a +0 leather armour
 h - a +0 ring mail
   (You found it on level 1 of the Dungeon)
 m - a +0 cloak (worn)
   (You found it on level 1 of the Dungeon)
 q - a +0 scale mail (worn)
   (You found it on level 2 of the Dungeon)
 w - a +1 hat (worn)
   (You found it on level 4 of the Dungeon)
Jewellery
 o - a ring of protection from magic (left hand) {MR+, !d}
   (You found it on level 2 of the Dungeon)
 r - an uncursed amulet of magic regeneration
   (You took it off Robin on level 3 of the Dungeon)
 x - an amulet of faith (around neck) {Faith, !P}
   (You found it on level 4 of the Dungeon)
Wands
 k - a wand of paralysis (10)
   (You took it off an orc on level 4 of the Dungeon)
Scrolls
 e - 2 scrolls of enchant weapon
 g - a scroll of magic mapping {!r}
 p - a scroll of fear
 s - a scroll of amnesia
 v - a scroll of enchant armour {unknown}
Potions
 j - 2 potions of haste {unknown}
 l - a potion of resistance {unknown}
 t - a potion of ambrosia {unknown}
 u - a potion of heal wounds {unknown}
Comestibles
 f - 10 rations


   Skills:
 + Level 5.3 Fighting
 * Level 10.7 Bows
 - Level 1.3 Dodging
 - Level 0.4 Stealth


You had 6 spell levels left.
You didn't know any spells.
Your spell library was empty.

Dungeon Overview and Level Annotations

Branches:
Dungeon (5/15)
 Temple: D:4-7

Altars:
Okawaru
Ru

Annotations:
D:4 Grinder, Menkaure, Pikel


Innate Abilities, Weirdness & Mutations

You have hooves in place of feet.
Armour fits poorly on your strangely shaped body.
You cover ground very quickly.
You have extremely tough skin. (AC +3)


Message History

You closely miss the jackal.
The jackal bites you but does no damage.
The jackal bites you.
* * * LOW HITPOINT WARNING * * *
The jackal bites you.
* * * LOW HITPOINT WARNING * * *
You take 2 damage, and have 16/61 hp.
You hit the phantom but do no damage.
The phantom hits you but does no damage.
The jackal barely misses you.
The crimson imp shouts, "Go and return not, thou puny ill-breeding blabberskite!"
The phantom hits you but does no damage.
The jackal bites you.
* * * LOW HITPOINT WARNING * * *
You take 1 damage, and have 15/61 hp.
You puncture the phantom! The jackal bites you.
* * * LOW HITPOINT WARNING * * *
The phantom hits you.
* * * LOW HITPOINT WARNING * * *
The jackal bites you but does no damage.
The crimson imp blinks!
You take 3 damage, and have 12/61 hp.
You closely miss the phantom. Your kick misses the phantom.
The jackal bites you but does no damage.
The phantom barely misses you.
The phantom blinks!
The jackal bites you but does no damage.
You hit the jackal.
You kill the jackal!
Okawaru accepts your kill.
The crimson imp blinks!
The jackal bites you but does no damage.
You hit the jackal. You kick the jackal.
You kill the jackal!
Okawaru accepts your kill.
You barely miss the slave. You kick the slave.
The phantom blinks!
The slave hits you.
* * * LOW HITPOINT WARNING * * *
The crimson imp blinks!
The slave hits you.
* * * LOW HITPOINT WARNING * * *
You take 9 damage, and have 4/61 hp.
You miss the slave. The slave hits you but does no damage.
There is a stone staircase leading up here.
The crimson imp blinks!
v - a scroll labeled YBRATZIHOS You now have 154 gold pieces (gained 11).
d - 63 arrows (gained 20)
Things that are here:
a +0 shortbow; an adder corpse You see here a worker ant corpse.
You are feeling hungry.
There is a stone staircase leading up, spattered with blood here.
You climb upwards.
Level annotation: Grinder, Menkaure, Pikel The jackal barks!
You hear a shout!
The jackal bites you but does no damage.
The jackal bites you.
* * * LOW HITPOINT WARNING * * *
There is a stone staircase leading down here.
You take 1 damage, and have 7/61 hp.
The jackal closely misses you.
You climb downwards.
There is a stone staircase leading up, spattered with blood here.
You miss the jackal. You kick the jackal, but do no damage.
The jackal bites you.
* * * LOW HITPOINT WARNING * * *
The jackal barely misses you.
You take 2 damage, and have 5/61 hp.
You closely miss the jackal. You kick the jackal.
The jackal closely misses you.
The phantom blinks!
The jackal bites you but does no damage.
Your scale mail prevents you from hitting the jackal.
The jackal bites you but does no damage.
The slave hits you.
* * * LOW HITPOINT WARNING * * *
The jackal bites you but does no damage.
The crimson imp blinks!
The slave hits you but does no damage.
You take 3 damage, and have 2/61 hp.
You puncture the jackal!
You kill the jackal!
Okawaru accepts your kill. The slave hits you but does no damage.
You hit the slave. The slave hits you but does no damage.
The slave closely misses you.
Your scale mail prevents you from hitting the slave.
The slave barely misses you.
You closely miss the slave. Your kick misses the slave.
The slave hits you but does no damage. The slave closely misses you.
You feel better.
You regained 7 hp, and now have 11/61 hp.
You slash the slave! The slave hits you but does no damage.
You closely miss the slave. You kick the slave, but do no damage.
The slave hits you.
* * * LOW HITPOINT WARNING * * *
The slave hits you!
* * * LOW HITPOINT WARNING * * *
You take 10 damage, and have 1/61 hp.
You slash the slave!
You kill the slave!
That felt strangely unrewarding.
The phantom hits you.
You die...

#.#.#.......####.#
#.#..............#
######.#.........###.##
.................##
#######.#..##....####.#
#.#.............#
#.##5##.#..###?.#
#.#W#.#.#5.###..#
#.@###p.W<.......
###.#.###........
##............#
##############


You could see a phantom and a crimson imp.

Vanquished Creatures
  2 slaves
  An ogre (D:4)
  A centaur (D:5)
  A hound (D:3)
  A jelly (D:5)
  A bullfrog skeleton (D:4)
  An orc priest (D:4)
  A centaur skeleton (D:5)
  3 iguanas
  5 worker ants
  A hound skeleton (D:4)
  Robin (D:3)
  9 gnolls
  14 adders
  2 oozes
  5 worms
  A dart slug (D:2)
  4 leopard geckos
  5 orcs
  5 giant cockroaches
  12 hobgoblins
  5 jackals
  2 quokkas
  6 bats
  7 frilled lizards
  10 goblins
  12 kobolds
  9 rats
127 creatures vanquished.

Notes
Turn   | Place    | Note
-------+----------+-------------------------------------------
     0 | D:1      | Firecrotchwizard the Centaur Hunter began the quest for the
                  | Orb.
     0 | D:1      | Reached XP level 1. HP: 17/17 MP: 1/1
   323 | D:1      | Reached XP level 2. HP: 14/24 MP: 2/2
  1004 | D:1      | Reached skill level 6 in Bows
  1297 | D:2      | Reached XP level 3. HP: 30/30 MP: 3/3
  1480 | D:2      | HP: 7/30 [poisoned by a worker ant]
  1488 | D:2      | HP: 6/30 [poisoned by a worker ant]
  1799 | D:2      | Reached XP level 4. HP: 35/37 MP: 4/4
  1831 | D:2      | Reached skill level 3 in Fighting
  2013 | D:2      | Reached skill level 7 in Bows
  2485 | D:2      | Reached XP level 5. HP: 44/45 MP: 5/5
  2884 | D:3      | Reached skill level 8 in Bows
  3881 | D:3      | Reached XP level 6. HP: 32/52 MP: 6/6
  4356 | D:3      | Found a sacrificial altar of Ru.
  4410 | D:3      | Reached skill level 4 in Fighting
  4621 | D:4      | Noticed a slave
  4621 | D:4      | Noticed a slave
  4622 | D:4      | Noticed a slave
  4622 | D:4      | Noticed a slave
  4623 | D:4      | Noticed Pikel
  4637 | D:4      | Killed a slave
  4703 | D:4      | HP: 2/52 [Pikel/+0 whip of electrocution (20)]
  5041 | D:4      | Reached skill level 9 in Bows
  5103 | D:4      | Found an iron altar of Okawaru.
  5310 | D:4      | Became a worshipper of Warmaster Okawaru
  5347 | D:4      | HP: 13/52 [ogre/+0 giant club (16)]
  5351 | D:4      | HP: 5/53 [iguana (9)]
  5654 | D:4      | Reached XP level 7. HP: 29/60 MP: 7/7
  5664 | D:4      | HP: 15/60 [gnoll/+0 club (1)]
  6016 | D:4      | Noticed Menkaure
  6318 | D:4      | Noticed Robin
  6324 | D:3      | Killed Robin
  6356 | D:4      | Reached skill level 10 in Bows
  6496 | D:4      | Noticed Grinder
  6513 | D:5      | Entered Level 5 of the Dungeon
  6520 | D:5      | Reached skill level 5 in Fighting
  6525 | D:5      | HP: 15/61 [quokka (3)]
  6815 | D:5      | Reached * piety under Okawaru
  6815 | D:5      | HP: 15/61 [poisoned by a worker ant]
  6820 | D:5      | HP: 15/61 [poisoned by an adder]
  6823 | D:5      | HP: 6/61 [adder (4)]
  6838 | D:4      | HP: 14/61 [jackal (1)]
  6869 | D:5      | HP: 15/61 [jackal (1)]
  6875 | D:5      | HP: 8/61 [slave[Pikel] (6)]
  6910 | D:4      | HP: 7/61 [jackal (2)]
  6915 | D:5      | HP: 2/61 [slave[Pikel] (3)]
  6929 | D:5      | HP: 8/61 [slave[Pikel] (3)]
  6929 | D:5      | HP: 1/61 [slave[Pikel] (7)]
  6930 | D:5      | Slain by a phantom

Illustrated notes

Levels and vault maps discovered:
D:1:      wander_arrival_chamber, layout_basic
D:2:      minmay_inner_zag, layout_basic, grunt_decor_one_mirror
D:3:      minmay_skewed_foursquare, layout_basic, nicolae_ru_path_of_blood,
          first_ration
D:4:      layout_rooms, lemuel_coloured_pillars_altar, uniq_robin,
          uniq_menkaure, uniq_grinder, uniq_pikel
D:5:      layout_loops_ring, grunt_temple_overflow_open, glass_columns_a

Skill      XL: |  1  2  3  4  5  6  7 |
---------------+----------------------+-----
Bows           | 6 7 8 9 10 | 10.7
Fighting       | 3 4 5 |  5.3
Dodging        | |  1.3
Stealth        | |  0.4

Action                   |  1- 3 |  4- 6 |  7- 9 || total
-------------------------+-------+-------+-------++-------
Melee: Short sword       |   109 |       |       ||   109
       Kick              |    25 |    48 |    23 ||    96
       Spear             |    27 |   192 |       ||   219
       Halberd           |       |   178 |   105 ||   283
Throw: Stone             |    11 |       |       ||    11
Invok: Heroism           |       |       |     1 ||     1
  Use: Scroll            |       |     8 |     1 ||     9
       Potion            |       |       |     3 ||     3
  Eat: Chunk             |     2 |    11 |     1 ||    14
       Ration            |       |       |     1 ||     1
Armor: Leather armour    |    31 |       |       ||    31
       Ring mail         |    28 |    20 |       ||    48
       Scale mail        |       |   181 |    87 ||   268
Dodge: Dodged            |    55 |   152 |    63 ||   270

Table legend:
 A = Non-vault XP
 B = Vault XP
 C = Vault XP percentage of total XP
 D = Non-vault monster count
 E = Vault monster count
 F = Vault count percentage of total count
                 A         B        C        D         E       F
            +---------+---------+-------+---------+---------+-------
      Total |    1105 |     134 |  10.8 |     104 |      21 |  16.8
            +---------+---------+-------+---------+---------+-------
        D:1 |      25 |       0 |   0.0 |      18 |       0 |   0.0
        D:2 |     161 |      55 |  25.5 |      30 |       5 |  14.3
        D:3 |     169 |      73 |  30.2 |      27 |      13 |  32.5
        D:4 |     468 |       6 |   1.3 |      18 |       3 |  14.3
        D:5 |     282 |       0 |   0.0 |      11 |       0 |   0.0
            +---------+---------+-------+---------+---------+-------

Levels and vault maps discovered:
D:1:      wander_arrival_chamber, layout_basic
D:2:      minmay_inner_zag, layout_basic, grunt_decor_one_mirror
D:3:      minmay_skewed_foursquare, layout_basic, nicolae_ru_path_of_blood,
          first_ration
D:4:      layout_rooms, lemuel_coloured_pillars_altar, uniq_robin,
          uniq_menkaure, uniq_grinder, uniq_pikel
D:5:      layout_loops_ring, grunt_temple_overflow_open, glass_columns_a

Table legend:
 A = Turns spent in this place as a percentage of turns spent in the entire game.
 B = Non-inter-level travel turns spent in this place as a percentage of non-inter-level travel turns spent in the entire game.
 C = Inter-level travel turns spent in this place as a percentage of turns spent in this place.
 D = Turns resting spent in this place as a percentage of non-inter-level travel turns spent in this place.
 E = Turns spent auto-exploring this place as a percentage of non-inter-level travel turns spent in this place.
 F = Non-inter-level travel turns spent in this place divided by the number of levels of this place that you've seen.
                   A       B       C       D       E      F
               +-------+-------+-------+-------+-------+----------------------
         Total | 100.0 | 100.0 |   4.9 |  48.0 |  28.1 | 1318.6
       Dungeon | 100.0 | 100.0 |   4.9 |  48.0 |  28.1 | 1318.6
               +-------+-------+-------+-------+-------+----------------------

Table legend:
 A = Kills in this place as a percentage of kills in entire the game.
 B = Kills by you in this place as a percentage of kills by you in the entire game.
 C = Kills by friends in this place as a percentage of kills by friends in the entire game.
 D = Other kills in this place as a percentage of other kills in the entire game.
 E = Experience gained in this place as a percentage of experience gained in the entire game.
 F = Experience gained in this place divided by the number of levels of this place that you have seen.
                   A       B       C       D       E      F
               +-------+-------+-------+-------+-------+----------------------
         Total | 100.0 | 100.0 |   N/A |   N/A | 100.0 | 247.8
       Dungeon | 100.0 | 100.0 |   N/A |   N/A | 100.0 | 247.8
               +-------+-------+-------+-------+-------+----------------------
